 Dungeon Crawl Stone Soup version 0.23-a0-389-g4a5eb33 (webtiles) character file.

69378 Cryolive the Geomancer (level 15, -1/93 HPs)
             Began as a Gargoyle Earth Elementalist on Oct 29, 2018.
             Was a High Priest of Vehumet.
             Slain by a red ugly thing (25 damage)
             ... on level 13 of the Dungeon.
             The game lasted 01:47:11 (36222 turns).

Cryolive the Geomancer (GrEE)                      Turns: 36222, Time: 01:47:12

Health: -1/93      AC: 20    Str: 14    XL:     15   Next: 29%
Magic:  44/44      EV: 16    Int: 24    God:    Vehumet [*****.]
Gold:   1467       SH:  0    Dex: 10    Spells: 25/34 levels left

rFire    . . .     SeeInvis +   v - staff of power
rCold    + . .     Gourm    .   (no shield)
rNeg     + . .     Faith    .   r - +2 robe {rC+}
rPois    ∞         Spirit   .   (no helmet)
rElec    +         Reflect  .   j - +2 cloak
rCorr    .         Harm     +   w - +0 pair of gloves
MR       +....                  (no boots)
Stlth    ++........             x - amulet of harm
HPRegen  0.25/turn              B - ring of see invisible
MPRegen  0.29/turn              y - +4 ring of intelligence

@: flying
A: big wings, negative energy resistance 1, electricity resistance, unbreathing,
petrification resistance, rot immunity, AC +11
a: Stop Flying, Renounce Religion


You were on level 13 of the Dungeon.
You worshipped Vehumet.
Vehumet was extremely pleased with you.
You were hungry.

You visited 3 branches of the dungeon, and saw 21 of its levels.

You collected 1467 gold pieces.

Inventory:

Hand Weapons
 u - a +3 quarterstaff of chaos
 C - a +5 triple crossbow of flaming
Missiles
 b - 402 stones (quivered)
Armour
 j - a +2 cloak (worn)
 r - a +2 robe of cold resistance (worn)
 w - a +0 pair of gloves (worn)
Magical Staves
 a - an uncursed staff of cold
 e - an uncursed staff of summoning
 v - an uncursed staff of power (weapon)
Jewellery
 k - an uncursed ring of ice
 l - an uncursed ring of protection from fire
 s - an uncursed ring of resist corrosion
 t - an uncursed ring of protection from fire
 x - an amulet of harm (around neck)
 y - a +4 ring of intelligence (right hand)
 B - a ring of see invisible (left hand)
Wands
 f - a wand of paralysis (9)
 D - a wand of acid (9)
 E - a wand of disintegration (15)
 K - a wand of random effects (25)
 N - a wand of flame (15)
 P - a wand of scattershot (5)
Scrolls
 c - 3 scrolls of identify
 g - a scroll of remove curse
 i - a scroll of amnesia
 m - 2 scrolls of magic mapping {unknown}
 n - 2 scrolls of fog
 p - 7 scrolls of teleportation
 q - a scroll of vulnerability {unknown}
 F - 2 scrolls of enchant weapon {unknown}
 L - 6 scrolls of fear
Potions
 h - 2 potions of brilliance
 o - 2 potions of resistance
 z - a potion of mutation
 A - 2 potions of heal wounds
 G - 2 potions of haste
 I - a potion of magic
 J - 5 potions of curing
 O - 2 potions of cancellation
 V - a potion of invisibility {unknown}
Comestibles
 d - 27 rations


   Skills:
 + Level 10.9 Fighting
 + Level 10.0 Staves
 - Level 6.0 Armour
 + Level 8.7 Dodging
 - Level 2.1 Stealth
 + Level 10.1 Spellcasting
 + Level 11.2 Conjurations
   Level 0.7 Transmutations
 + Level 12.9 Earth Magic
 + Level 7.6 Evocations


You had 25 spell levels left.
You knew the following spells:

 Your Spells              Type           Power        Failure   Level  Hunger
a - Sandblast             Erth           ######       1%          1    None
b - Stone Arrow           Conj/Erth      ######       1%          3    None
c - Lee's Rapid Deconstr  Erth           ######....   1%          5    ####...

Your spell library contained the following spells:

 Spells                   Type           Power        Failure   Level  Hunger
 Orb of Destruction       Conj           ######....   12%         7    #######
 Sting                    Conj/Pois      ####         1%          1    None
 Passwall                 Tmut/Erth      #####...     1%          2    None
 Dazzling Spray           Conj/Hex       #####.       1%          3    None
 Mephitic Cloud           Conj/Pois/Air  ####....     1%          3    None
 Petrify                  Tmut/Erth      #####...     3%          4    #......
 Irradiate                Conj/Tmut      #####.....   3%          5    ####...
 Venom Bolt               Conj/Pois      #####.....   4%          5    ####...
 Corona                   Hex            ##.....      5%          1    None
 Summon Small Mammal      Summ           ##..         5%          1    None
 Call Imp                 Summ           ##......     8%          2    None
 Ensorcelled Hibernation  Hex/Ice        ##....       8%          2    None
 Poisonous Vapours        Pois/Air       ##....       8%          2    None
 Olgreb's Toxic Radiance  Pois           ##......     13%         4    #......
 Call Canine Familiar     Summ           ##......     16%         3    None
 Confuse                  Hex            ##......     16%         3    None
 Summon Guardian Golem    Hex/Summ       ##......     16%         3    None
 Tukima's Dance           Hex            ##......     16%         3    None
 Bolt of Cold             Conj/Ice       #####.....   21%         6    ######.
 Yara's Violent Unravell  Hex/Tmut       ##........   30%         5    ####...
 Freezing Cloud           Conj/Ice/Air   ####......   38%         6    ######.
 Ice Form                 Ice/Tmut       ##......     41%         4    #......
 Cause Fear               Hex            ##........   45%         4    #......
 Summon Ice Beast         Ice/Summ       ##......     45%         4    #......
 Summon Lightning Spire   Summ/Air       ##......     45%         4    #......
 Metabolic Englaciation   Hex/Ice        ##........   82%         5    ####...
 Silence                  Hex/Air        ##........   82%         5    ####...
 Ozocubu's Refrigeration  Ice            ##........   86%         6    ######.
 Hydra Form               Tmut           ###.......   99%         6    ######.
 Deflect Missiles         Chrm/Air       ##........   100%        6    ######.
 Simulacrum               Ice/Necr       ##........   100%        6    ######.
 Dragon Form              Tmut           ###.......   100%        7    #######
 Discord                  Hex            ##........   100%        8    #######
 Statue Form              Tmut/Erth      Unusable     N/A         6    N/A

Dungeon Overview and Level Annotations

Branches:
Dungeon (14/15)            Temple (1/1) D:6            Lair (6/6) D:9
  Swamp (0/4) Lair:2        Snake (0/4) Lair:2        Slime (0/5) Lair:6
    Orc (0/2) D:10         Vaults (0/5) D:14

Altars:
Elyvilon
Fedhas
Gozag
Hepliaklqana
Kikubaaqudgha
Makhleb
Qazlal
Ru
Trog
Uskayaw
Vehumet
Wu Jian
Xom
The Shining One
Beogh
Jiyva

Shops:
D:4 *}   D:9 ?   D:14 *

Annotations:
D:2 1 exclusion
D:12 Erolcha
D:14 Nessos, Rupert
Lair:4 exclusion: 2 oklob plants


Innate Abilities, Weirdness & Mutations

You are resistant to torment.
Your stone body is resilient. (AC +11)
You are immune to poison.
Your large and strong wings let you fly indefinitely.
You resist negative energy. (rN+)
You are resistant to electric shocks. (rElec)
You can survive without breathing.
You are immune to petrification.
You are immune to rotting.


Message History

You feel much better. The wyvern bites you!
The purple ugly thing barely misses you.
The red ugly thing kicks you!
* * * LOW HITPOINT WARNING * * *
You are engulfed in flames!
* * * LOW HITPOINT WARNING * * *
You feel much better. The wyvern misses you. The purple ugly thing misses you.
The red ugly thing closely misses you. The wyvern completely misses you.
As you read the scroll of fear, it crumbles to dust.
You assume a fearsome visage.
The wyvern looks frightened!
The purple ugly thing looks frightened!
The red ugly thing resists with some effort.
The red ugly thing kicks you but does no damage.
Items here: ( ))) [ †
There is a stone staircase leading up here.
You see here 4 arrows.
Magic restored.
The red ugly thing kicks you.
* * * LOW HITPOINT WARNING * * *
You are engulfed in flames!!
You die...

....##................##
.#.##............#####.#
.#............<...##.#.##
.#..............#)......#
.........l...##.#.......#
................))....###
...................(....#
.............[.........##
..........(..[..@.(....#
............(..(u.#....#
............)..>((#...####
.............###(.#...#..####
..........u)####....#.......###
.#..........#......####.......#
##..............#.#####.......#
#..........[(.###.(##.#....#.###
####..........##.)))...........##


You could see 2 ugly things and a wyvern (fleeing).

Vanquished Creatures
  Kirke (Lair:4)
  Josephine (Lair:4)
  5 hydras
  Fannar (Lair:1)
  2 two-headed ogres
  4 centaur warriors
  A catoblepas (Lair:6)
  7 death yaks
  A deep troll shaman (Lair:6)
  The ghost of Cryolive the Digger, a novice GrEE (D:7)
  4 skeletal warriors
  2 unseen horrors (D:13)
  A lindwurm (Lair:4)
  An orange crystal statue (D:12)
  5 ugly things
  3 deep elf magi
  5 oklob plants
  A cyclops (D:13)
  16 elephants
  A torpor snail (Lair:5)
  8 black mambas
  10 spiny frogs
  5 rime drakes
  A kobold demonologist (D:11)
  7 komodo dragons
  3 meliai (Lair:4)
  3 polar bears (Lair:6)
  2 trolls
  A queen bee (Lair:4)
  13 blink frogs
  10 hippogriffs
  A shadow (D:11)
  3 wraiths (Lair:4)
  6 wyverns
  A human (D:9)
  3 hogs (D:9)
  39 yaks
  2 basilisks (Lair:4)
  3 hungry ghosts
  Menkaure (D:6)
  5 vampire mosquitoes (Lair:2)
  7 nagas (Lair:2)
  An acid dragon (D:11)
  A soldier ant (D:10)
  2 porcupines
  17 water moccasins
  An ice beast (D:11)
  3 orc warriors
  8 sky beasts
  12 ogres
  A phantom (D:9)
  19 wolves
  An eye of draining (D:9)
  A necrophage (D:12)
  10 crocodiles
  12 centaurs
  2 big kobolds
  Blork the orc (D:6)
  10 bullfrogs
  A gnoll sergeant (D:10)
  41 killer bees
  5 wights
  2 electric eels
  4 howler monkeys
  3 crimson imps (D:5)
  A bullfrog zombie (D:8)
  2 centaur zombies
  4 hounds
  7 jellies
  A gnoll shaman (D:4)
  10 orc priests
  A centaur skeleton (D:10)
  10 orc wizards
  3 bullfrog skeletons
  Crazy Yiuf (D:6)
  3 iguanas
  10 worker ants
  2 human simulacra (D:12)
  2 mummies (D:12)
  2 hound skeletons
  13 adders
  20 gnolls
  A shadow imp (D:5)
  4 oozes
  3 adder skeletons
  5 worms
  7 leopard geckos
  43 orcs
  7 giant cockroaches
  8 goblins
  6 hobgoblins
  4 jackals (D:8)
  6 quokkas
  3 ball pythons
  13 bats
  5 frilled lizards
  14 kobolds
  A leopard gecko skeleton (D:5)
  A leopard gecko zombie (D:6)
  A quokka skeleton (D:5)
  7 rats
  A butterfly (Lair:4)
  A fungus (D:9)
  6 plants (D:9)
594 creatures vanquished.

Vanquished Creatures (others)
  2 humans (Lair:4)
  14 fungi
  14 plants
30 creatures vanquished.

Grand Total: 624 creatures vanquished

Notes
Turn   | Place    | Note
-------+----------+-------------------------------------------
     0 | D:1      | Cryolive the Gargoyle Earth Elementalist began the quest
                  | for the Orb.
     0 | D:1      | Reached XP level 1. HP: 10/10 MP: 3/3
   121 | D:1      | Reached XP level 2. HP: 12/15 MP: 5/5
   147 | D:1      | Reached skill level 4 in Earth Magic
   693 | D:1      | Reached XP level 3. HP: 19/19 MP: 6/6
   729 | D:1      | Learned a level 3 spell: Stone Arrow
  1496 | D:2      | Reached skill level 1 in Conjurations
  1894 | D:2      | Reached XP level 4. HP: 24/24 MP: 2/8
  2210 | D:2      | Reached skill level 5 in Earth Magic
  2445 | D:2      | Reached XP level 5. HP: 13/28 MP: 7/9
  3054 | D:3      | Learned a level 5 spell: Lee's Rapid Deconstruction
  3648 | D:3      | Reached XP level 6. HP: 5/32 MP: 0/11
  4116 | D:2      | Found a hazy altar of Hepliaklqana.
  4679 | D:4      | Found an ancient bone altar of Kikubaaqudgha.
  4809 | D:4      | Found Gozag's Platinum Reserve.
  4826 | D:4      | Reached skill level 1 in Fighting
  5185 | D:4      | Found an opulent altar of Gozag.
  5541 | D:4      | Found Cemej's Gadget Shoppe.
  6514 | D:5      | Entered Level 5 of the Dungeon
  6550 | D:5      | Reached skill level 1 in Staves
  6552 | D:5      | Reached skill level 1 in Armour
  6616 | D:5      | Reached XP level 7. HP: 22/38 MP: 13/13
  6893 | D:5      | Reached skill level 6 in Earth Magic
  8259 | D:5      | Reached XP level 8. HP: 34/45 MP: 5/14
  8745 | D:6      | Noticed Blork the orc
  8769 | D:6      | Killed Blork the orc
  9115 | D:6      | Noticed Menkaure
  9126 | D:6      | Killed Menkaure
  9247 | D:6      | Found a runed door.
  9347 | D:6      | Reached skill level 7 in Earth Magic
  9824 | D:6      | Reached skill level 5 in Spellcasting
  9824 | D:6      | Reached XP level 9. HP: 13/51 MP: 16/16
 10069 | D:6      | Found a staircase to the Ecumenical Temple.
 10078 | Temple   | Entered the Ecumenical Temple
 10114 | Temple   | Became a worshipper of Vehumet
 10288 | D:6      | Noticed Crazy Yiuf
 10290 | D:6      | Killed Crazy Yiuf
 10565 | D:7      | Reached skill level 5 in Conjurations
 10621 | D:7      | Found a transporter.
 10623 | D:7      | Noticed Cryolive's ghost (novice GrEE)
 10630 | D:7      | Found a transporter.
 11438 | D:8      | Found a burning altar of Makhleb.
 12191 | D:9      | Found a staircase to the Lair.
 12361 | D:9      | Reached skill level 8 in Earth Magic
 12362 | D:9      | Reached skill level 5 in Fighting
 12362 | D:9      | Reached XP level 10. HP: 56/59 MP: 1/18
 12369 | D:9      | Reached skill level 5 in Armour
 12440 | D:9      | Reached * piety under Vehumet
 12440 | D:9      | Offered knowledge of Shock by Vehumet.
 12626 | D:9      | Reached skill level 5 in Staves
 13005 | D:9      | Found Tieroucw's Magic Scroll Boutique.
 13338 | D:10     | Entered Level 10 of the Dungeon
 13340 | D:10     | Noticed a centaur warrior
 13552 | D:10     | Killed a centaur warrior
 14045 | D:10     | Reached skill level 9 in Earth Magic
 14077 | D:10     | Offered knowledge of Sting by Vehumet.
 14290 | D:10     | Reached ** piety under Vehumet
 14290 | D:10     | Reached skill level 5 in Dodging
 14439 | D:10     | Reached XP level 11. HP: 54/64 MP: 12/20
 14492 | D:10     | Found a staircase to the Orcish Mines.
 14500 | D:10     | Got a transparent chain mail
 14581 | D:10     | Found a roughly hewn altar of Beogh.
 14681 | D:10     | Reached skill level 1 in Evocations
 15239 | D:11     | Offered knowledge of Throw Frost by Vehumet.
 15596 | D:11     | Identified the +6 chain mail of the Learner {rPois Dex+2}
                  | (You found it on level 10 of the Dungeon)
 15641 | D:11     | Noticed a two-headed ogre
 15652 | D:11     | Killed a two-headed ogre
 15924 | D:11     | Found a blossoming altar of Fedhas.
 15925 | D:11     | Noticed a deep elf mage
 15933 | D:11     | Killed a deep elf mage
 15933 | D:11     | Reached *** piety under Vehumet
 16573 | Lair:1   | Entered Level 1 of the Lair of Beasts
 17498 | Lair:1   | Got a fine leather armour
 17964 | Lair:2   | Found a staircase to the Swamp.
 18489 | Lair:2   | Noticed Fannar
 18489 | Lair:2   | Noticed a six-headed hydra
 18624 | D:9      | Identified the +2 leather armour of Integrity {*Drain rPois
                  | rCorr Str+5} (You found it on level 1 of the Lair of
                  | Beasts)
 18848 | Lair:1   | Killed Fannar
 18952 | Lair:2   | Reached skill level 10 in Earth Magic
 19002 | Lair:2   | Reached XP level 12. HP: 72/72 MP: 23/23
 19642 | Lair:2   | Found a staircase to the Snake Pit.
 19659 | Lair:2   | Offered knowledge of Inner Flame by Vehumet.
 21522 | Lair:4   | Killed a six-headed hydra
 21647 | Lair:4   | Noticed Josephine
 21675 | Lair:4   | Killed Josephine
 21890 | Lair:4   | Reached **** piety under Vehumet
 22054 | Lair:4   | Offered knowledge of Yara's Violent Unravelling by Vehumet.
 22264 | Lair:4   | Got a bound brass ring
 22649 | Lair:4   | Reached XP level 13. HP: 78/79 MP: 25/25
 22803 | Lair:3   | Reached skill level 11 in Earth Magic
 23486 | Lair:4   | Reached skill level 5 in Evocations
 24362 | Lair:4   | Noticed Kirke
 24366 | Lair:4   | Killed Kirke
 25484 | Lair:5   | Found a runed door.
 26251 | Lair:5   | Reached ***** piety under Vehumet
 26266 | Lair:5   | Reached skill level 10 in Conjurations
 26318 | Lair:5   | Offered knowledge of Venom Bolt by Vehumet.
 27145 | Lair:5   | Gained mutation: Your large and strong wings let you fly
                  | indefinitely. [Gargoyle growth]
 27145 | Lair:5   | Reached XP level 14. HP: 87/87 MP: 26/27
 27913 | Lair:5   | Got a transparent whip
 27932 | Lair:5   | Identified the +9 whip "Lipt" {flame, +Fly} (You found it
                  | on level 5 of the Lair of Beasts)
 27933 | Lair:5   | Identified the ring "Vecsomy" {+Fly Str+4} (You found it on
                  | level 4 of the Lair of Beasts)
 27953 | Lair:6   | Entered Level 6 of the Lair of Beasts
 28123 | Lair:6   | Reached skill level 12 in Earth Magic
 28125 | Lair:6   | Reached skill level 10 in Fighting
 28516 | Lair:6   | Found a viscous altar of Jiyva.
 28517 | Lair:6   | Found a staircase to the Slime Pits.
 32406 | D:7      | Killed Cryolive's ghost
 32411 | D:7      | Got a faintly glowing dire flail
 32422 | D:7      | Identified the +4 dire flail of Ciniack {crush, rElec
                  | rPois} (You took it off an ogre on level 7 of the Dungeon)
 33196 | D:12     | Noticed Erolcha
 35033 | D:12     | Reached XP level 15. HP: 93/93 MP: 27/28
 35288 | D:13     | Reached skill level 10 in Spellcasting
 35560 | D:13     | Found a sacrificial altar of Ru.
 35925 | D:14     | Found Deisif's Assorted Antiques.
 35938 | D:14     | Reached skill level 10 in Staves
 36066 | D:14     | Found a gate to the Vaults.
 36066 | D:14     | Noticed Rupert
 36067 | D:14     | Noticed Nessos
 36073 | D:13     | Offered knowledge of Orb of Destruction by Vehumet.
 36222 | D:13     | Slain by a red ugly thing

Vault maps used:
D:1:      tarquinn_simple_flora_water_e, minmay_pentomino_r4
D:2:      lemuel_upstairs_altar, first_ration
D:4:      nicolae_overflow_hidden_temple, serial_shops, shop, minivault_1,
          corexii_leaking_fountain, nicolae_gozag_zags_fifth_avenue
D:6:      minmay_temple_entry_butterflies, chequers_serial_rivers_micro_a,
          uniq_crazy_yiuf_cottage, uniq_menkaure, uniq_blork_the_orc
D:7:      gammafunk_ghost_smash
D:8:      lightli_temple_of_fire
D:9:      dpeg_oklobed_lair, serial_shops, shop_fountains, grunt_livestock,
          evilmike_butchery
D:10:     minmay_orc_entry_temple_small
D:11:     david_defended_altar_elf
D:12:     serial_undead, serial_undead_a, serial_undead_b, serial_undead_f,
          serial_undead_e, minivault_15, bh_circular_ruins, uniq_erolcha
D:13:     lemuel_statue_altar
D:14:     minmay_bloctagon_deflated, david_vaults_3, serial_shops,
          nicolae_shop_overgrown_old_shop, infiniplex_staircase_split_hallway,
          minmay_checkerbox, uniq_snorg
Temple:   regret_index_temple_chain_breaker
Lair:1:   chequers_serial_rivers_micro_c
Lair:2:   minmay_swamp_entry_swarm, minmay_snake_entry_guardpost_medium,
          minivault_26, uniq_fannar
Lair:4:   hangedman_what_comes_after_a, lemuel_fruit_fields, uniq_kirke,
          uniq_josephine
Lair:5:   pf_torpor_hydra, infiniplex_staircase_pool, minmay_lair_oklob_chamber,
          grunt_megastairs_3
Lair:6:   grunt_lair_end_beastmaster, slime_altar_1

Skill      XL: |  1  2  3  4  5  6  7  8  9 10 11 12 13 14 15 |
---------------+----------------------------------------------+-----
Earth Magic    | 4 5 6 7 8 9 10 11 12 | 12.9
Conjurations   | 1 2 3 4 5 6 8 9 10 11 | 11.2
Spellcasting   | 3 4 5 6 7 8 9 10 | 10.1
Fighting       | 1 2 3 5 6 7 8 9 10 | 10.9
Staves         | 1 2 3 4 5 6 7 8 9 10 | 10.0
Armour         | 1 2 3 4 6 |  6.0
Dodging        | 2 3 4 5 6 7 8 |  8.7
Evocations     | 3 4 6 7 |  7.6
Stealth        | |  2.1
Transmutations | |  0.7

Action                   |  1- 3 |  4- 6 |  7- 9 | 10-12 | 13-15 || total
-------------------------+-------+-------+-------+-------+-------++-------
Melee: Unarmed           |    15 |       |       |       |       ||    15
       Dagger            |   113 |       |       |       |       ||   113
       Whip              |    34 |   184 |       |       |       ||   218
       Staff             |       |   108 |   564 |   252 |   225 ||  1149
       Quarterstaff      |       |       |    36 |   235 |    13 ||   284
 Cast: Sandblast         |     6 |    30 |    11 |     8 |     4 ||    59
       Stone Arrow       |     1 |    13 |   136 |   300 |   563 ||  1013
       Lee's Rapid Decon |       |       |     3 |    22 |    75 ||   100
 Abil: Fly               |       |       |       |       |     1 ||     1
Evoke: Wand              |       |       |       |     7 |       ||     7
  Use: Scroll            |     3 |       |     1 |    14 |    11 ||    29
       Potion            |       |     3 |     1 |     4 |     3 ||    11
 Stab: Sleeping          |     8 |     5 |     3 |     1 |       ||    17
       Petrified         |       |       |       |     8 |       ||     8
       Paralysed         |       |       |       |     4 |       ||     4
       Confused          |       |       |       |     1 |       ||     1
  Eat: Chunk             |     3 |    14 |    18 |    27 |    28 ||    90
       Ration            |       |     1 |     2 |     4 |     8 ||    15
Armor: Robe              |    82 |   112 |   274 |   243 |   244 ||   955
Dodge: Dodged            |   134 |   241 |   425 |   399 |   393 ||  1592

Table legend:
 A = Non-vault XP
 B = Vault XP
 C = Vault XP percentage of total XP
 D = Non-vault monster count
 E = Vault monster count
 F = Vault count percentage of total count
                 A         B        C        D         E       F
            +---------+---------+-------+---------+---------+-------
      Total |   61193 |   37919 |  38.3 |     446 |     140 |  23.9
            +---------+---------+-------+---------+---------+-------
        D:1 |      48 |       3 |   5.9 |      29 |       2 |   6.5
        D:2 |     120 |       0 |   0.0 |      20 |       0 |   0.0
        D:3 |     176 |       0 |   0.0 |      21 |       0 |   0.0
        D:4 |     340 |       0 |   0.0 |      29 |       0 |   0.0
        D:5 |     709 |       0 |   0.0 |      27 |       0 |   0.0
        D:6 |     870 |     302 |  25.8 |      25 |       3 |  10.7
        D:7 |     224 |    1150 |  83.7 |       5 |       4 |  44.4
        D:8 |    1387 |       0 |   0.0 |      23 |       0 |   0.0
        D:9 |    2452 |     993 |  28.8 |      29 |       5 |  14.7
       D:10 |    3007 |     117 |   3.7 |      29 |       6 |  17.1
       D:11 |    2786 |     565 |  16.9 |      23 |       1 |   4.2
       D:12 |    5295 |     942 |  15.1 |      20 |       8 |  28.6
       D:13 |   12948 |       0 |   0.0 |      50 |       0 |   0.0
       D:14 |    1248 |       0 |   0.0 |       3 |       0 |   0.0
     Lair:1 |     693 |     950 |  57.8 |       3 |       1 |  25.0
     Lair:2 |    2499 |    2013 |  44.6 |      13 |      12 |  48.0
     Lair:3 |    4966 |    1561 |  23.9 |      22 |       3 |  12.0
     Lair:4 |    4223 |   13512 |  76.2 |      17 |      63 |  78.8
     Lair:5 |    8677 |    5162 |  37.3 |      32 |      11 |  25.6
     Lair:6 |    8525 |   10649 |  55.5 |      26 |      21 |  44.7
            +---------+---------+-------+---------+---------+-------
